 Dungeon Crawl Stone Soup version 0.28.0-53-g5a82cb258f (webtiles) character file.

Game seed: 5059207573593329384

407 Stomo the Cudgeller (level 6, 0/48 HPs)
             Began as a Demonspawn Gladiator on July 4, 2022.
             Killed from afar by an orc wizard (4 damage)
             ... with a magic dart
             ... on level 3 of the Dungeon.
             The game lasted 00:04:38 (4052 turns).

Stomo the Cudgeller (Demonspawn Gladiator)          Turns: 4052, Time: 00:04:38

Health: 0/48       AC:  9    Str: 17    XL:     6   Next: 57%
Magic:  6/6        EV: 12    Int:  9    God:
Gold:   107        SH:  0    Dex: 14    Spells: 5/5 levels left

rFire   . . .      SeeInvis .   g - +2 flail (drain)
rCold   . . .      Faith    .   (no shield)
rNeg    . . .      Spirit   .   f - +0 ring mail
rPois   .          Reflect  .   c - +0 helmet
rElec   .          Harm     .   h - +0 cloak
rCorr   .          Rampage  .   (no gloves)
Will    .....                   n - +0 pair of boots
Stlth   +.........              (no amulet)
HPRegen 0.16/turn               (no ring)
MPRegen 0.10/turn               (no ring)

@: no status effects
A: demonic guardian 1, powered by death 2, sharp scales 1
a: no special abilities


You were on level 3 of the Dungeon.
You visited 1 branch of the dungeon, and saw 4 of its levels.

You collected 107 gold pieces.

Inventory:

Hand Weapons
 a - a +0 flail of protection
 g - a +2 flail of draining (weapon)
Missiles
 d - 3 throwing nets (quivered)
Armour
 b - a +0 leather armour
 c - a +0 helmet (worn)
 f - a +0 ring mail (worn)
 h - a +0 cloak (worn)
 n - a +0 pair of boots (worn)
Scrolls
 e - 2 scrolls of noise
 i - 2 scrolls of brand weapon
 j - a scroll of identify
Potions
 o - 2 potions of mutation


   Skills:
 + Level 3.9 Fighting
 + Level 4.1 Maces & Flails
 - Level 1.7 Throwing
 + Level 2.8 Armour
 + Level 4.1 Dodging


You had 5 spell levels left.
You didn't know any spells.
Your spell library contained the following spells:

 Spells                   Type           Power      Damage    Failure   Level
 Animate Skeleton         Necr           0%         N/A       58%         1
 Magic Dart               Conj           0%         1d3       58%         1
 Pain                     Necr           0%         1d4       58%         1
 Scorch                   Fire           0%         2d5       73%         2
 Searing Ray              Conj           0%         2d4       73%         2
 Summon Guardian Golem    Hex/Summ       0%         N/A       91%         3
 Vampiric Draining        Necr           0%         2d6       91%         3
 Flame Wave               Conj/Fire      0%         2d4       100%        4
 Fulminant Prism          Conj/Hex       0%         3d6       100%        4
 Summon Cactus Giant      Summ           0%         N/A       100%        6
 Orb of Destruction       Conj           0%         9d5       100%        7
 Spellforged Servitor     Conj/Summ      0%         N/A       100%        7


Dungeon Overview and Level Annotations

Branches:
Dungeon (4/15)
 Temple: D:4-7

Altars:

Shops:
D:3 ?[


Innate Abilities, Weirdness & Mutations

A weak demonic guardian rushes to your aid.
You regenerate health from kills.
You are partially covered in razor-sharp scales. (AC +1, Slay +1)


Message History

* * * LOW HITPOINT WARNING * * *
A demonic guardian appears!
Your quasit completely misses the gnoll.
Your quasit barely misses the gnoll.
Your quasit claws the gnoll.
You hear some strange, mumbled words.
A puff of flame appears from out of thin air!
The puff of flame hits you!
* * * LOW HITPOINT WARNING * * *
Something hits your white imp but does no damage.
The gnoll barely misses you.
You feel less confused. Something hits your white imp.
Your quasit closely misses the gnoll. x2
Your quasit claws the gnoll but does no damage.
The gnoll hits your white imp with a +0 flail.
Your quasit bites the gnoll.
Your quasit claws the gnoll.
Your quasit claws the gnoll but does no damage.
The gnoll hits your white imp with a +0 halberd!
Your white imp dies!
Your white imp disappears in a puff of smoke!
Your quasit closely misses the gnoll.
Your quasit barely misses the gnoll.
Your quasit claws the gnoll but does no damage.
Your quasit bites the gnoll.
Your quasit barely misses the gnoll.
Your quasit claws the gnoll but does no damage.
Your quasit bites the gnoll.
Your quasit claws the gnoll.
Your quasit claws the gnoll but does no damage.
An adder comes into view.
Your quasit closely misses the gnoll.
Your quasit claws the gnoll.
Your quasit barely misses the gnoll.
There is an open door, spattered with blood here.
You see here a +0 chain mail.
There is a stone staircase leading up here.
Something hits you but does no damage.
You climb upwards.
Reactivating autopickup.
There is a stone staircase leading down here.
A magic dart appears from out of thin air!
Deactivating autopickup; reactivate with Ctrl-A.
The magic dart hits you.
You die...

#...........##.)∩....#
#...........##.⌠.⌠..## #
#...........##...#..#
############.......###......#
.......###....###.####.>.#.##
...........#...............#
.......####...............##
.......##.......).........##
...............>@..........#
.......###....{)....)......#
.....................(.....#
...........................#
..............######.......#
.)....#.......#** #.).....#
.....##....#..#,* #.......#
.....##....##.#P# #..<....#
......#....####P# #########


There were no monsters in sight!

Vanquished Creatures
  An ogre (D:4)
  An orc priest (D:3)
  A hound (D:4)
  An orc wizard (D:3)
  2 gnolls (D:4)
  An adder (D:3)
  2 worms (D:2)
  A dart slug (D:2)
  7 orcs
  5 ball pythons
  7 bats
  4 endoplasms
  3 giant cockroaches
  9 goblins
  10 hobgoblins
  4 jackals (D:3)
  3 kobolds
  4 quokkas
  3 frilled lizards
  4 rats
73 creatures vanquished.

Vanquished Creatures (collateral kills)
  Edmund (D:4)
  2 worms (D:2)
3 creatures vanquished.

Vanquished Creatures (others)
  3 plants (D:1)
3 creatures vanquished.

Grand Total: 79 creatures vanquished

Notes
Turn   | Place    | Note
-------+----------+-------------------------------------------
     0 | D:1      | Stomo the Demonspawn Gladiator began the quest for the Orb.
     0 | D:1      | Reached XP level 1. HP: 16/16 MP: 1/1
   440 | D:1      | Gained mutation: You regenerate a little health from kills.
                  | [demonic ancestry]
   440 | D:1      | Reached XP level 2. HP: 20/22 MP: 2/2
  1283 | D:2      | Reached skill level 1 in Armour
  1320 | D:2      | Gained mutation: A weak demonic guardian rushes to your
                  | aid. [demonic ancestry]
  1320 | D:2      | Reached XP level 3. HP: 28/28 MP: 3/3
  2455 | D:3      | Reached XP level 4. HP: 18/34 MP: 4/4
  2596 | D:3      | Found Ocemm's Armour Shoppe.
  2713 | D:3      | Found Joah's Magic Scroll Shoppe.
  3044 | D:3      | Gained mutation: You regenerate health from kills. [demonic
                  | ancestry]
  3044 | D:3      | Reached XP level 5. HP: 32/41 MP: 5/5
  3092 | D:3      | Found a faded altar of an unknown god.
  3564 | D:4      | Noticed Edmund
  3609 | D:4      | Killed Edmund
  3610 | D:4      | Gained mutation: You are partially covered in razor-sharp
                  | scales. (AC +1, Slay +1) [demonic ancestry]
  3610 | D:4      | Reached XP level 6. HP: 9/44 MP: 6/6
  4040 | D:4      | HP: 2/48 [something/puff of flame (12)]
  4052 | D:3      | Killed from afar by an orc wizard

Illustrated notes

Levels and vault maps discovered:
D:1:      denvon_arrival_planthouse, layout_loops_ring, serial_aquarium,
          aquarium_bridge_straight [aquarium_subvault_bridge,
          aquarium_subvault_window, aquarium_subvault_bridge,
          aquarium_subvault_wall], aquarium_window_corner, aquarium_window_2,
          aquarium_view_2b, aquarium_pool_side, chequers_big_river,
          minmay_misc_feat_encased
D:2:      layout_loops_corners, minmay_misc_feat_plants, minmay_goblin_outpost
D:3:      layout_rooms, shapermc_ecumenical_altar_acropolis, serial_shops,
          shop_fountains, shop, serial_aquarium, aquarium_bridge_straight
          [aquarium_subvault_bridge, aquarium_subvault_wall,
          aquarium_subvault_bridge, aquarium_subvault_wall],
          aquarium_window_fake, aquarium_window_double, aquarium_view_2f,
          aquarium_balcony_double_3
D:4:      layout_basic, st_stairs_4, uniq_edmund

Skill      XL: |  1  2  3  4  5  6 |
---------------+-------------------+-----
Dodging        | 3 4 |  4.1
Maces & Flails | 3 4 |  4.1
Armour         | 1 2 |  2.8
Fighting       | 3 |  3.9
Throwing       | |  1.7

Action                   |  1- 3 |  4- 6 || total
-------------------------+-------+-------++-------
Melee: Flail             |   135 |   135 ||   270
       Punch             |     1 |     1 ||     2
  Use: Scroll            |       |     9 ||     9
       Potion            |       |     1 ||     1
 Stab: Sleeping          |     1 |       ||     1
       Distracted        |     1 |       ||     1
Armor: Leather armour    |     7 |       ||     7
       Ring mail         |    70 |    62 ||   132
Dodge: Dodged            |   130 |   107 ||   237
